 Dungeon Crawl Stone Soup version 0.32-a0-685-g93135e86f0 (webtiles) character file.

Game seed: 6112939770478388387

21667 Griffin23 the Fencer (level 12, -8/111 HPs)
             Began as a Minotaur Fighter on Mar 12, 2024.
             Was a Believer of the Shining One.
             Mangled by an 11-headed hydra (10 damage)
             ... on level 2 of the Lair of Beasts.
             The game lasted 00:37:22 (14896 turns).

Griffin23 the Fencer (Minotaur Fighter)            Turns: 14896, Time: 00:37:22

Health: -8/111     AC: 23    Str: 28    XL:     12   Next: 56%
Magic:  9/12       EV:  8    Int: 11    God:    the Shining One [**....]
Gold:   968        SH:  7    Dex: 14    Spells: 11/11 levels left

rFire   . . .        b - +5 triple sword of the Thing {spect, *Noise Int+6}
rCold   . . .        (shield currently unavailable)
rNeg    + . .        l - +4 plate armour of Pan-Flutes {rElec Regen+}
rPois   .            (helmet restricted)
rElec   +            (no cloak)
rCorr   .            v - +0 pair of gloves
SInv    .            J - +0 pair of boots
Will    .....        (no amulet) Stlth
                     K - ring of flight
HPRegen 1.18/turn    L - +6 ring of strength
MPRegen 0.13/turn

%: no passive effects
@: divinely shielded, flying, glowing, studying Armour
A: horns 2, retaliatory headbutt
a: Renounce Religion, Divine Shield


You were on level 2 of the Lair of Beasts.
You worshipped the Shining One.
The Shining One was pleased with you.
You visited 3 branches of the dungeon, and saw 14 of its levels.

You collected 1046 gold pieces.
You spent 78 gold pieces at shops.

Inventory:

Hand Weapons
 a - a +0 long sword
 b - the +5 triple sword of the Thing (weapon) {spect, *Noise Int+6}
   (You acquired it on level 7 of the Dungeon)

   Int+6:     It affects your intelligence (+6).
   *Noise:    It may make a loud noise when swung.
Missiles
 e - 12 boomerangs (quivered)
Armour
 c - a +0 buckler
 l - the +4 plate armour of Pan-Flutes (worn) {rElec Regen+}
   (You acquired it on level 7 of the Dungeon)

   rElec:     It insulates you from electricity.
   Regen+:    It increases your rate of health regeneration.
 q - a +0 chain mail
 v - a +0 pair of gloves (worn)
 J - a +0 pair of boots (worn)
 P - a scarf of invisibility
Jewellery
 m - a ring of see invisible
 n - a ring of positive energy
 K - a ring of flight (left hand)
 L - a +6 ring of strength (right hand)
 Q - a ring of wizardry
Wands
 o - a wand of acid (6)
 B - a wand of paralysis (25)
 C - a wand of flame (26)
 D - a wand of roots (8)
 H - a wand of digging (3)
 N - a wand of polymorph (3)
Scrolls
 f - a scroll of fog
 h - a scroll of noise
 i - a scroll of vulnerability
 j - 3 scrolls of amnesia
 t - a scroll of immolation {unknown}
 w - a scroll of butterflies {unknown}
 x - 2 scrolls of revelation
 y - 2 scrolls of enchant weapon {unknown}
 z - a scroll of brand weapon {unknown}
 A - a scroll of silence {unknown}
 E - 2 scrolls of enchant armour {unknown}
 I - a scroll of poison {unknown}
 M - a scroll of fear {unknown}
 O - 3 scrolls of teleportation
 R - 9 scrolls of identify
Potions
 d - a potion of might
 g - 5 potions of haste
 k - 13 potions of degeneration
 p - 3 potions of brilliance
 r - 2 potions of ambrosia
 s - 4 potions of curing
 u - a potion of lignification {unknown}
 F - a potion of heal wounds {unknown}
 G - 2 potions of berserk rage
 S - 2 potions of attraction {unknown}
 T - a potion of mutation {unknown}


   Skills:
 * Level 11.7 Fighting
 * Level 16.9 Long Blades
 * Level 13.6 Armour
 - Level 0.4 Dodging
 - Level 0.1 Stealth
 - Level 7.5 Shields
 * Level 2.4 Invocations
 * Level 3.2 Evocations


You had 11 spell levels left.
You didn't know any spells.
Your spell library contained the following spells:

 Spells                   Type           Power      Damage    Failure   Level
 Magic Dart               Conj           0%         1d3       93%         1
 Sting                    Conj/Alch      0%         1d3       93%         1
 Blink                    Tloc           0%         N/A       98%         2
 Call Imp                 Summ           0%         N/A       98%         2
 Mercury Vapours          Alch/Air       0%         N/A       98%         2
 Momentum Strike          Conj/Tloc      0%         3d8       98%         2
 Searing Ray              Conj           0%         2d4       98%         2
 Sublimation of Blood     Necr           0%         N/A       98%         2
 Animate Armour           Summ/Erth      0%         N/A       100%        4
 Fulminant Prism          Conj/Alch      0%         3d5       100%        4
 Olgreb's Toxic Radiance  Alch           0%         N/A       100%        4
 Passage of Golubria      Tloc           0%         N/A       100%        4
 Petrify                  Alch/Erth      0%         N/A       100%        4
 Sticky Flame             Fire/Alch      0%         2d4       100%        4
 Summon Lightning Spire   Summ/Air       0%         N/A       100%        4
 Irradiate                Conj/Alch      0%         3d11      100%        5
 Lee's Rapid Deconstruct  Erth           0%         3d4*      100%        5


Dungeon Overview and Level Annotations

Branches:
Dungeon (11/15)            Temple (1/1) D:6            Lair (2/5) D:8
    Orc (0/2) D:9
  Swamp: Lair:2-3    Shoals: Lair:2-3     Snake: Lair:2-3    Spider: Lair:2-3

Altars:
Ashenzari
Cheibriados
Dithmenos
Elyvilon
Fedhas
Gozag
Hepliaklqana
Kikubaaqudgha
Makhleb
Nemelex Xobeh
Okawaru
Qazlal
Ru
Sif Muna
Trog
Uskayaw
Vehumet
Wu Jian
Xom
Yredelemnul
Zin
The Shining One

Shops:
D:4 ?=(


Innate Abilities, Weirdness & Mutations

You have a pair of horns on your head.
You reflexively headbutt those who attack you in melee.


Message History

Your +5 triple sword of the Thing {spect, *Noise Int+6} disappears.
The 11-headed hydra closely misses you. The 11-headed hydra bites you.
The 11-headed hydra bites you but does no damage.
The 11-headed hydra bites you!
* * * LOW HITPOINT WARNING * * *
The 11-headed hydra barely misses you. The 11-headed hydra closely misses you.
The 11-headed hydra barely misses you. The 11-headed hydra bites you.
* * * LOW HITPOINT WARNING * * *
The 11-headed hydra bites you but does no damage. x2
The 11-headed hydra bites you.
* * * LOW HITPOINT WARNING * * *
A divine shield forms around you! The bullfrog closely misses you.
The bullfrog hits you.
* * * LOW HITPOINT WARNING * * *
The 11-headed hydra bites you but does no damage. x2
The 11-headed hydra barely misses you. You block the 11-headed hydra's attack.
The 11-headed hydra bites you but does no damage. x2
The 11-headed hydra misses you. The 11-headed hydra closely misses you.
The 11-headed hydra barely misses you.
The 11-headed hydra bites you but does no damage.
The 11-headed hydra barely misses you. The bullfrog attacks as it pursues you!
The bullfrog hits you but does no damage.
The bullfrog attacks as it pursues you!
The bullfrog hits you but does no damage. x2
The bullfrog barely misses you. You furiously retaliate!
You headbutt the bullfrog.
The 11-headed hydra attacks as it pursues you!
The 11-headed hydra bites you.
* * * LOW HITPOINT WARNING * * *
The 11-headed hydra bites you but does no damage.
You block the 11-headed hydra's attack. The 11-headed hydra bites you!
* * * LOW HITPOINT WARNING * * *
The 11-headed hydra bites you but does no damage. x2
The 11-headed hydra bites you.
* * * LOW HITPOINT WARNING * * *
The 11-headed hydra bites you!
* * * LOW HITPOINT WARNING * * *
The 11-headed hydra bites you!
You die...

...... #.....P
#.....# ##.....#
######P.....##
#.####.PP#........#
..................#
..........D.......#
..##P##.P.F@..†.<.#
####.......##
#P.......##
#####P<.......#
...............#
...............#
.P..P#.#..##.###
##############


You could see a 11-headed hydra (corroded) and a bullfrog.

Vanquished Creatures
  A hydra (Lair:1)
  2 boulder beetles
  5 two-headed ogres
  A death yak (D:8)
  An ogre mage (D:11)
  A lindwurm (shapeshifter) (D:11)
  Pikel (D:8)
  3 cyclopes (D:11)
  Maurice (D:8)
  A black mamba (Lair:1)
  A naga mage (D:11)
  A gargoyle (D:11)
  2 cane toads
  Maggie (D:7)
  3 komodo dragons
  2 trolls
  Prince Ribbit (D:8)
  A shadow (D:11)
  2 wraiths
  23 yaks
  2 wyverns (D:9)
  A water elemental (D:11)
  A slime creature (D:11)
  2 steam dragons
  Menkaure (D:7)
  3 acid dragons
  5 water moccasins
  A swamp drake (D:9)
  2 sky beasts (D:7)
  4 orc warriors
  4 black bears
  2 ice beasts
  A laughing skull (D:11)
  6 wolves (Lair:1)
  2 ogres
  5 centaurs
  4 lemures (D:8)
  2 phantoms
  A kobold brigand (D:6)
  5 bullfrogs
  3 scorpions
  A killer bee (D:8)
  2 howler monkeys (D:9)
  5 electric eels
  3 hounds
  3 bombardier beetles
  A gnoll bouda (D:6)
  3 jellies
  13 orc priests
  5 sleepcaps
  7 iguanas
  9 orc wizards
  2 howler monkey zombies (D:9)
  11 gnolls
  9 adders
  2 shadow imps
  A white imp (D:5)
  2 dart slugs
  A ribbon worm (D:3)
  41 orcs
  8 ball pythons
  7 bats
  9 endoplasms
  2 giant cockroaches
  4 goblins
  9 hobgoblins
  4 jackals (D:4)
  2 quokkas
  3 frilled lizards
  13 kobolds
  4 rats
297 creatures vanquished.

Notes
Turn   | Place    | Note
-------+----------+-------------------------------------------
     0 | D:1      | Griffin23 the Minotaur Fighter began the quest for the Orb.
     0 | D:1      | Reached XP level 1. HP: 19/19 MP: 0/0
   124 | D:1      | Reached XP level 2. HP: 21/27 MP: 1/1
   958 | D:2      | Reached XP level 3. HP: 18/33 MP: 2/2
  1078 | D:2      | Reached skill level 3 in Long Blades
  1095 | D:2      | You fall into a shaft and drop 1 floor!
  1925 | D:3      | Reached XP level 4. HP: 36/40 MP: 3/3
  2239 | D:3      | Reached skill level 4 in Long Blades
  2697 | D:4      | Noticed a scorpion
  2717 | D:3      | Killed a scorpion
  2718 | D:3      | Reached XP level 5. HP: 22/47 MP: 4/4
  2924 | D:3      | Reached skill level 5 in Armour
  3085 | D:4      | Reached skill level 5 in Long Blades
  3134 | D:4      | Found Kuent's Jewellery Emporium.
  3159 | D:4      | Reached XP level 6. HP: 21/53 MP: 5/5
  3518 | D:4      | Found Daemas's Magic Scroll Shoppe.
  3562 | D:4      | Bought a scroll of identify for 26 gold pieces
  3562 | D:4      | Bought a scroll of identify for 26 gold pieces
  3562 | D:4      | Bought a scroll of identify for 26 gold pieces
  3685 | D:4      | Reached skill level 5 in Fighting
  3695 | D:4      | Reached skill level 6 in Long Blades
  3697 | D:4      | Reached XP level 7. HP: 31/61 MP: 6/6
  3914 | D:4      | Found Ceregg Cynno's Antique Weapon Boutique.
  4012 | D:4      | Reached skill level 5 in Shields
  4052 | D:5      | Entered Level 5 of the Dungeon
  4130 | D:5      | Reached skill level 7 in Long Blades
  4224 | D:5      | Reached XP level 8. HP: 70/70 MP: 7/7
  4523 | D:5      | Noticed a troll
  4531 | D:5      | Killed a troll
  4532 | D:5      | Reached skill level 8 in Long Blades
  5619 | D:6      | Noticed a two-headed ogre
  5643 | D:6      | Killed a two-headed ogre
  5644 | D:6      | Reached skill level 9 in Long Blades
  5644 | D:6      | Reached XP level 9. HP: 22/79 MP: 8/8
  5989 | D:6      | Found a staircase to the Ecumenical Temple.
  6115 | D:6      | Reached skill level 10 in Long Blades
  6324 | D:6      | Got the Codex of Portals
  6840 | Temple   | Entered the Ecumenical Temple
  6929 | Temple   | Became a worshipper of the Shining One
  7761 | D:7      | Noticed Maggie
  7776 | D:7      | Killed Maggie
  8076 | D:7      | Noticed Menkaure
  8085 | D:7      | Killed Menkaure
  8086 | D:7      | Reached skill level 11 in Long Blades
  8581 | D:7      | Reached XP level 10. HP: 54/88 MP: 9/9
  9201 | D:7      | Identified 2 scrolls of acquirement
  9205 | D:7      | Acquired the +4 plate armour of Pan-Flutes {rElec Regen+}
  9218 | D:7      | Acquired the +5 triple sword of the Thing {spect, *Noise
                  | Int+6}
  9236 | D:8      | Noticed Maurice
  9240 | D:8      | Killed Maurice
  9241 | D:8      | Reached skill level 10 in Armour
  9287 | D:8      | Found a sacrificial altar of Ru.
  9304 | D:8      | Noticed Prince Ribbit
  9308 | D:8      | Killed Prince Ribbit
  9676 | D:8      | Noticed a death yak
  9688 | D:8      | Killed a death yak
  9689 | D:8      | Reached skill level 12 in Long Blades
  9844 | D:8      | Found a glowing silver altar of Zin.
  9873 | D:8      | Found a staircase to the Lair.
 10017 | D:8      | Noticed Pikel
 10017 | D:8      | Reached * piety under the Shining One
 10034 | D:8      | Killed Pikel
 10248 | D:8      | Found an opulent altar of Gozag.
 10379 | D:8      | Reached skill level 13 in Long Blades
 10588 | D:9      | Noticed a two-headed ogre
 10612 | D:8      | Killed a two-headed ogre
 11023 | D:9      | Reached XP level 11. HP: 83/99 MP: 10/10
 11069 | D:9      | Found a staircase to the Orcish Mines.
 11471 | D:9      | Found a basalt altar of Yredelemnul.
 11771 | D:10     | Entered Level 10 of the Dungeon
 11800 | D:10     | Reached skill level 10 in Fighting
 11800 | D:10     | Reached skill level 14 in Long Blades
 11867 | D:10     | Reached ** piety under the Shining One
 12164 | D:10     | Found a shimmering altar of Xom.
 12216 | D:10     | Noticed a two-headed ogre
 12223 | D:10     | Killed a two-headed ogre
 12551 | D:11     | Reached skill level 15 in Long Blades
 12551 | D:11     | Reached skill level 1 in Evocations
 12560 | D:11     | Noticed an ogre mage
 12568 | D:11     | Killed an ogre mage
 12584 | D:11     | Reached skill level 1 in Invocations
 12609 | D:11     | Noticed a boulder beetle
 12616 | D:11     | Killed a boulder beetle
 12650 | D:11     | Noticed a lindwurm
 12654 | D:11     | Killed a lindwurm
 12663 | D:11     | Noticed a two-headed ogre
 12669 | D:11     | Killed a two-headed ogre
 12830 | D:11     | Acquired a manual of Armour
 13103 | D:11     | Noticed a two-headed ogre
 13111 | D:11     | Killed a two-headed ogre
 13116 | D:11     | Reached XP level 12. HP: 99/108 MP: 11/11
 13146 | D:11     | Reached skill level 16 in Long Blades
 13465 | D:11     | Got Fagacimn's Exposition on Toxins
 13969 | Lair:1   | Entered Level 1 of the Lair of Beasts
 14000 | Lair:1   | Noticed a boulder beetle
 14028 | Lair:1   | Killed a boulder beetle
 14147 | Lair:1   | Identified the +4 orcbow "Giantbane" {elec, Int+4}
 14241 | Lair:1   | Noticed an eight-headed hydra
 14248 | Lair:1   | Killed an 11-headed hydra
 14882 | Lair:2   | Noticed a four-headed hydra
 14896 | Lair:2   | HP: 2/111 [11-headed hydra (7)]
 14896 | Lair:2   | Mangled by an 11-headed hydra

Illustrated notes

Levels and vault maps discovered:
D:1:      dpeg_arrival_rhombus, layout_basic
D:2:      layout_basic, minmay_heptomino_w4
D:3:      layout_rooms
D:4:      layout_rooms, serial_shops, shop, shop, shop
D:5:      layout_gridville, hangedman_minor_gate_pass
D:6:      layout_cave_pools, temple_fountains, grunt_ministairs_7,
          kennysheep_generic_room_5
D:7:      layout_cave_pools, grunt_tough_drop, uniq_maggie, uniq_menkaure
D:8:      layout_loops_ring, mainiacjoe_overflow_six_doors_small,
          pdpol_temple_overflow_zin_treasury_gozag_greed, dpeg_lair_monsters,
          nicolae_two_hexagons, minmay_gold_behind_fungi,
          hangedman_abyss_or_decor_clamps, kennysheep_windowed_goal,
          uniq_maurice, uniq_prince_ribbit1, uniq_pikel
D:9:      layout_long_grid, lemuel_zombie_altar_yredelemnul, erik_orc_1
D:10:     layout_roguey, xom_teletrap_fun, chequers_avenue
D:11:     minmay_curly_fans, layout_basic, minmay_librarian
Temple:   nicolae_temple_bog_church
Lair:1:   layout_regular_city, serial_bayou_crossing, serial_bayou_shore_b,
          grunt_megastairs_4
Lair:2:   layout_chaotic_city, st_stairs_7

Skill      XL: |  1  2  3  4  5  6  7  8  9 10 11 12 |
---------------+-------------------------------------+-----
Armour         | 4 5 6 7 9 11 12 13 | 13.6
Shields        | 4 5 6 7 |  7.5
Long Blades    | 3 4 5 6 7 9 11 13 15 16 | 16.9
Fighting       | 4 5 6 7 8 9 10 11 | 11.7
Evocations     | 2 3 |  3.2
Invocations    | 1 2 |  2.4
Dodging        | |  0.4
Stealth        | |  0.1

Action                     |  1- 3 |  4- 6 |  7- 9 | 10-12 || total
---------------------------+-------+-------+-------+-------++-------
  Melee: Long sword        |    89 |   143 |   337 |    20 ||   589
         Headbutt          |    14 |    33 |    83 |    96 ||   226
         Triple sword      |       |       |       |   305 ||   305
  Throw: Boomerang         |       |       |    14 |       ||    14
 Invoke: Divine Shield     |       |       |       |     4 ||     4
  Evoke: Wand              |       |       |       |     6 ||     6
    Use: Scroll            |     3 |     5 |     1 |     9 ||    18
         Potion            |       |       |     2 |     2 ||     4
 Armour: Scale mail        |    48 |       |       |       ||    48
         Chain mail        |     3 |   104 |   297 |    27 ||   431
         Plate armour      |       |       |       |   301 ||   301
  Dodge: Dodged            |    40 |    43 |   137 |   108 ||   328
  Block: Buckler           |    13 |    24 |   111 |    12 ||   160
         Other             |       |       |       |     2 ||     2

Table legend: (Time is in decaauts)
 A = Elapsed time spent in this place.
 B = Non-inter-level travel time spent in this place.
 C = Inter-level travel time spent in this place.
 D = Time resting spent in this place.
 E = Time spent auto-exploring this place.
 F = Levels seen in this place.
 G = Mean time per level.
                   A        B        C        D        E       F      G
               +--------+--------+--------+--------+--------+-----+--------+
         Total |  14983 |  13843 |   1140 |   3497 |   7996 |  14 | 1070.2 |
       Dungeon |  13958 |  12914 |   1044 |   3489 |   7261 |  11 | 1268.9 |
        Temple |    100 |     45 |     55 |      0 |      0 |   1 |  100.0 |
          Lair |    924 |    884 |     40 |      8 |    735 |   2 |  462.0 |
               +--------+--------+--------+--------+--------+-----+--------+

Top non-repeatable levels by time:
     D:6: 2524 daAuts
     D:8: 1583 daAuts
     D:5: 1578 daAuts
    D:11: 1470 daAuts
     D:2: 1231 daAuts
     D:4: 1055 daAuts
     D:9: 1020 daAuts
     D:7: 976 daAuts
     D:3: 955 daAuts
  Lair:1: 876 daAuts
     D:1: 868 daAuts
    D:10: 693 daAuts
  Temple: 100 daAuts
  Lair:2: 48 daAuts
